 Dungeon Crawl Stone Soup version 0.27.1-2-g3b301248ec (webtiles) character file.

Game seed: 15527983600665269145

321 Turgor the Chiller (level 6, -3/41 HPs)
             Began as a Merfolk Ice Elementalist on Oct 3, 2021.
             Slain by a hobgoblin (4 damage)
             ... while paralysed by Grinder
             ... on level 4 of the Dungeon.
             The game lasted 00:17:41 (2852 turns).

Turgor the Chiller (Merfolk Ice Elementalist)       Turns: 2852, Time: 00:17:42

Health: -3/41      AC:  3    Str:  9    XL:     6   Next: 46%
Magic:  11/12      EV:  2    Int: 16    God:
Gold:   97         SH:  0    Dex: 14    Spells: 7/14 levels left

rFire    . . .     SeeInvis .   b - +1 spear (venom)
rCold    . . .     Faith    .   (no shield)
rNeg     . . .     Spirit   .   a - +0 robe
rPois    .         Reflect  .   (no helmet)
rElec    .         Harm     .   o - +0 cloak
rCorr    .         Rampage  .   (no gloves)
Will     .....                  (no boots)
Stlth    ++........             (no amulet)
HPRegen  0.13/turn              (no ring)
MPRegen  0.13/turn              (no ring)

@: paralysed
A: (nimble swimmer 2), mertail
a: no special abilities


You were on level 4 of the Dungeon.
You visited 1 branch of the dungeon, and saw 4 of its levels.

You collected 97 gold pieces.

Inventory:

Hand Weapons
 b - a +1 spear of venom (weapon)
 n - a +2 quarterstaff of chaos
Armour
 a - a +0 robe (worn)
 g - a +2 helmet
 k - a +1 scale mail of fire resistance
 o - a +0 cloak (worn)
Scrolls
 c - 2 scrolls of vulnerability {unknown}
 d - a scroll of fog {unknown}
 h - 2 scrolls of brand weapon {unknown}
 i - 2 scrolls of identify
 j - a scroll of blinking {unknown}
 l - a scroll of enchant weapon {unknown}
 p - a scroll of torment {unknown}
 q - a scroll of acquirement {unknown}
 r - a scroll of summoning {unknown}
Potions
 e - a potion of ambrosia
 f - a potion of flight
 m - a potion of curing


   Skills:
 - Level 2.6 Dodging
 - Level 2.1 Stealth
 + Level 4.5 Spellcasting
 + Level 6.6 Ice Magic


You had 7 spell levels left.
You knew the following spells:

 Your Spells              Type           Power      Damage    Failure   Level
a - Freeze                Ice            96%        1d11      1%          1
b - Frozen Ramparts       Ice            48%        1d6       3%          3
c - Ozocubu's Armour      Ice            24%        N/A       3%          3

Your spell library contained the following spells:

 Spells                   Type           Power      Damage    Failure   Level
 Blink                    Tloc           N/A        N/A       24%         2
 Hailstorm                Conj/Ice       14%        3d5       38%         4
 Stone Arrow              Conj/Erth      6%         3d7       43%         3
 Animate Armour           Summ/Erth      6%         N/A       85%         4
 Manifold Assault         Tloc           3%         N/A       99%         5
 Storm Form               Tmut/Air       1%         N/A       100%        7
 Lehudib's Crystal Spear  Conj/Erth      1%         10d2      100%        8


Dungeon Overview and Level Annotations

Branches:
Dungeon (4/15)
 Temple: D:4-7

Altars:
Ashenzari
Kikubaaqudgha
Zin

Annotations:
D:4 Grinder


Innate Abilities, Weirdness & Mutations

((You are quick and stealthy near water. (Stealth+, EV+, Speed+++)))
Your lower body shifts to a powerful aquatic tail in water.


Message History

Aim: a dart slug (heavily wounded, very poisoned)
You freeze the dart slug!
You kill the dart slug!
Magic restored.
Grinder comes into view.
Press: ? - help, v - describe, . - travel
Here: Grinder (asleep)
The floor.
Okay, then.
Okay, then.
A hobgoblin comes into view.
Found 5 gold pieces.
Found a stone staircase leading up.
Grinder shouts!
You reach to attack!
You hit Grinder.
Grinder is lightly wounded.
Grinder blinks!
Grinder gestures at you. You resist with significant effort.
You hit Grinder.
Grinder is lightly wounded.
Grinder hits you.
Casting: Freeze (safe; 1% risk of failure)
Confirm with . or Enter, or press ? or * to list all spells.
Aiming: Freeze (safe; 1% risk of failure)
Press: ? - help, Shift-Dir - straight line, f/p - Grinder
Aim: Grinder (lightly wounded)
You freeze Grinder.
Grinder resists.
Grinder is lightly wounded.
Grinder closely misses you. Grinder gestures at you.
You suddenly lose the ability to move!
The hobgoblin hits you. The hobgoblin hits you. Grinder hits you!
You writhe in agony.
The hobgoblin hits you but does no damage.
Grinder hits you!
* * * LOW HITPOINT WARNING * * *
You writhe in agony.
* * * LOW HITPOINT WARNING * * *
The hobgoblin hits you.
You die...

###.#.............
#.#.....##......
#.#...#.# ......
#.).....# ......
#.......# ......
##.....############
#.................
#.....#...........
#.....#@..........
#.....#5g.........
#.....#...........
#.....#...........
#.....#...........
#.....#.........$.
#.....#.........<.
#.....#...........
################.


You could see Grinder and a hobgoblin.

Vanquished Creatures
  A bullfrog (D:3)
  A water moccasin skeleton (D:4)
  Crazy Yiuf (D:3)
  Terence (D:2)
  Natasha (twice) (D:3)
  Robin (D:2)
  5 adders
  4 dart slugs
  An endoplasm (D:1)
  9 goblins
  6 hobgoblins
  2 kobolds
  2 quokkas
  6 ball pythons
  4 bats
  2 frilled lizards
  2 rats
50 creatures vanquished.

Vanquished Creatures (others)
  A fungus (D:3)
1 creature vanquished.

Grand Total: 51 creatures vanquished

Notes
Turn   | Place    | Note
-------+----------+-------------------------------------------
     0 | D:1      | Turgor the Merfolk Ice Elementalist began the quest for the
                  | Orb.
     0 | D:1      | Reached XP level 1. HP: 13/13 MP: 3/3
   206 | D:1      | Reached XP level 2. HP: 19/19 MP: 5/5
   398 | D:2      | Noticed Robin
   421 | D:2      | Killed Robin
   422 | D:2      | Reached XP level 3. HP: 6/24 MP: 7/7
   645 | D:2      | Reached skill level 5 in Ice Magic
   730 | D:2      | Found an ancient bone altar of Kikubaaqudgha.
   782 | D:2      | Noticed Terence
   788 | D:2      | Learned a level 3 spell: Frozen Ramparts
   792 | D:2      | Learned a level 3 spell: Ozocubu's Armour
   904 | D:2      | Killed Terence
   905 | D:2      | Reached XP level 4. HP: 30/30 MP: 4/8
  1545 | D:3      | Found a broken altar of Ashenzari.
  1555 | D:3      | Found a glowing silver altar of Zin.
  1824 | D:3      | Found a runed translucent door.
  1825 | D:3      | Noticed Crazy Yiuf
  1836 | D:3      | Killed Crazy Yiuf
  2071 | D:3      | Noticed a bullfrog
  2077 | D:3      | Killed a bullfrog
  2078 | D:3      | Reached skill level 6 in Ice Magic
  2078 | D:3      | Reached XP level 5. HP: 27/35 MP: 7/10
  2435 | D:3      | Noticed Natasha
  2443 | D:3      | Killed Natasha
  2444 | D:3      | Reached XP level 6. HP: 32/41 MP: 8/12
  2545 | D:3      | Noticed Natasha
  2549 | D:3      | Killed Natasha
  2559 | D:4      | Noticed a necrophage
  2835 | D:4      | Noticed Grinder
  2849 | D:4      | Paralysed by Grinder for 4 turns
  2852 | D:4      | HP: 1/41 [Grinder (6)]
  2852 | D:4      | Slain by a hobgoblin

Illustrated notes

Levels and vault maps discovered:
D:1:      minmay_arrival_radiant_lines, layout_rooms
D:2:      layout_basic, basic_altar, uniq_robin, uniq_terence
D:3:      layout_basic, mainiacjoe_overflow_big_doors, minmay_misc_feat_hallway,
          st_stairs_7, uniq_crazy_yiuf_cottage, uniq_natasha
D:4:      layout_basic, fedhas_altar_3, corexii_item_surrounded_by_moat,
          uniq_eustachio, uniq_grinder

Skill      XL: |  1  2  3  4  5 |
---------------+----------------+-----
Ice Magic      | 5 6 |  6.6
Spellcasting   | 3 4 |  4.5
Dodging        | |  2.6
Stealth        | |  2.1

Action                   |  1- 3 |  4- 6 || total
-------------------------+-------+-------++-------
Melee: Spear             |    27 |    62 ||    89
 Cast: Freeze            |    18 |    29 ||    47
  Use: Scroll            |       |     3 ||     3
 Stab: Sleeping          |     3 |     6 ||     9
Armor: Robe              |     5 |    13 ||    18
Dodge: Dodged            |    11 |    42 ||    53
